 Dungeon Crawl Stone Soup version 0.21.1-1-g345015f (webtiles) character file.

4341 tidbits the Martial Artist (level 10, 6/78 HPs)
             Began as a Gnoll Transmuter on Feb 10, 2018.
             Was a Believer of Cheibriados.
             Quit the game in an ice cave.
             The game lasted 00:29:19 (2214 turns).

tidbits the Martial Artist (Gnoll Transmuter)       Turns: 2214, Time: 00:29:21

Health: 6/78       AC:  4    Str: 14    XL:     10   Next: 33%
Magic:  2/20       EV: 28    Int: 24    God:    Cheibriados [**....]
Gold:   140        SH:  0    Dex: 24    Spells: 1/23 levels left

rFire    . . .     SeeInvis +     - Unarmed
rCold    . . .     Gourm    +   (shield currently unavailable)
rNeg     . . .     Faith    .   (armour currently unavailable)
rPois    x         Spirit   .   (helmet currently unavailable)
rElec    .         Reflect  .   (cloak currently unavailable)
rCorr    .         Harm     .   (gloves currently unavailable)
MR       .....                  (boots currently unavailable)
Stlth    +++.......             m - amulet of the gourmand
HPRegen  0.23/turn              U - +2 ring of protection
MPRegen  0.17/turn              I - ring of see invisible

@: spider-form, very slow
A: tiny, distributed training, rugged brown scales 1, sense surroundings 1, weak
1, strong nose
a: End Transformation, Bend Time, Renounce Religion


You were in an ice cave.
You worshipped Cheibriados.
Cheibriados was pleased with you.
You were not hungry.
You were a venomous arachnid creature.
You visited 1 branch of the dungeon, and saw 11 of its levels.
You also visited: Ice Cave.

You collected 224 gold pieces.
You spent 84 gold pieces at shops.

Inventory:

Hand Weapons
 a - a +0 dagger of holy wrath (melded)
   (You took it off an orc on level 7 of the Dungeon)
 e - a +0 dagger
 i - a +0 dagger
 j - a -3 dagger
 t - a +0 hunting sling
 v - a +0 dire flail of draining
   (You found it on level 6 of the Dungeon)
 w - a +0 long sword
Missiles
 h - 12 tomahawks (quivered)
 q - 18 stones
 C - 64 arrows
Armour
 b - a +1 pair of boots (melded)
 g - a cursed +1 ring mail
 B - a +0 robe (melded)
 F - a +0 pair of gloves
 G - a +2 pair of gloves (melded)
Jewellery
 m - an amulet of the gourmand (around neck)
   (You found it on level 5 of the Dungeon)
 I - a ring of see invisible (right front leg)
   (You found it on level 10 of the Dungeon)
 U - a +2 ring of protection (left front leg)
   (You found it on level 7 of the Dungeon)
Wands
 l - a wand of clouds (4)
 A - a wand of flame (8)
Scrolls
 n - a scroll of fog
 r - a scroll of remove curse
Potions
 f - 2 potions of flight
 k - a potion of cancellation
 z - a potion of curing
Books
 d - a book of Changes

   Spells                             Type                      Level
   a - Beastly Appendage              Transmutation                1
   b - Sticks to Snakes               Transmutation                2
   c - Spider Form                    Transmutation/Poison         3
   d - Ice Form                       Ice/Transmutation            4
   e - Blade Hands                    Transmutation                5
 o - a book of Necromancy
   (You found it on level 3 of the Dungeon)

   Spells                             Type                      Level
   a - Pain                           Necromancy                   1
   b - Animate Skeleton               Necromancy                   1
   c - Vampiric Draining              Necromancy                   3
   d - Regeneration                   Charms/Necromancy            3
   e - Animate Dead                   Necromancy                   4
   f - Borgnjor's Vile Clutch         Necromancy/Earth             5
 p - a book of Air
   (You found it on level 6 of the Dungeon)

   Spells                             Type                      Level
   a - Shock                          Conjuration/Air              1
   b - Swiftness                      Charms/Air                   2
   c - Static Discharge               Conjuration/Air              3
   d - Airstrike                      Air                          4
   e - Lightning Bolt                 Conjuration/Air              5
 s - a book of Misfortune
   (You found it on level 5 of the Dungeon)

   Spells                             Type                      Level
   a - Confusing Touch                Hexes                        1
   b - Confuse                        Hexes                        3
   c - Gell's Gravitas                Translocation                3
   d - Petrify                        Transmutation/Earth          4
   e - Metabolic Englaciation         Hexes/Ice                    5
   f - Yara's Violent Unravelling     Hexes/Transmutation          5
Comestibles
 c - 12 rations


   Skills:
 + Level 5.8 Fighting
 + Level 5.1 Short Blades
 + Level 5.1 Long Blades
 + Level 5.1 Axes
 + Level 5.1 Maces & Flails
 + Level 5.1 Polearms
 + Level 5.1 Staves
 + Level 5.1 Slings
 + Level 5.1 Bows
 + Level 5.1 Crossbows
 + Level 5.1 Throwing
 + Level 5.1 Armour
 + Level 6.9 Dodging
 + Level 5.1 Stealth
 + Level 5.1 Shields
 + Level 8.4 Unarmed Combat
 + Level 7.2 Spellcasting
 + Level 4.2 Conjurations
 + Level 4.2 Hexes
 + Level 4.2 Charms
 + Level 4.2 Summonings
 + Level 4.2 Necromancy
 + Level 4.2 Translocations
 + Level 5.7 Transmutations
 + Level 4.2 Fire Magic
 + Level 4.2 Ice Magic
 + Level 4.2 Air Magic
 + Level 4.2 Earth Magic
 + Level 4.2 Poison Magic
 + Level 5.6 Invocations
 + Level 5.1 Evocations


You had one spell level left.
You knew the following spells:

 Your Spells              Type           Power        Failure   Level  Hunger
c - Confuse               Hex            ####....     12%         3    None
e - Beastly Appendage     Tmut           #####.       4%          1    None
h - Blade Hands           Tmut           #####.....   38%         5    #####..
i - Ice Form              Ice/Tmut       ####....     22%         4    ###....
k - Sticks to Snakes      Tmut           #####...     5%          2    None
n - Animate Skeleton      Necr           N/A          6%          1    None
p - Spider Form           Tmut/Pois      ####......   10%         3    None
r - Regeneration          Chrm/Necr      ####......   12%         3    None


Dungeon Overview and Level Annotations

Branches:
Dungeon (11/15)               Orc (0/2) D:11
 Temple: D:4-7         Lair: D:8-11

Altars:
Cheibriados
Elyvilon
Vehumet
Yredelemnul

Shops:
D:6 (}[}*   D:10 ?   D:11 (

Annotations:
D:6 exclusion: electric eel
D:9 exclusion: moth of wrath


Innate Abilities, Weirdness & Mutations

Your experience applies equally to all skills.
((You have very sharp teeth.))
Your uncanny sense of smell can sniff out nearby items.
((You have large cloven feet.))
(You are partially covered in rugged brown scales. (AC +1, +3% HP))
You passively map a small area around you.
You are weak. (Str -2)


Message History

Okay, then.
Okay, then.
Unknown command.
The wolf completely misses you. The yak barely misses you.
The wolf barely misses you. The wolf bites you but does no damage.
The wolf barely misses you. The polar bear closely misses you.
The polar bear claws you but does no damage.
The polar bear claws you. The yak closely misses you.
The wolf barely misses you. The wolf closely misses you.
The polar bear completely misses you. The polar bear closely misses you.
The polar bear claws you but does no damage.
The wolf misses you. The wolf closely misses you.
The yak gores you but does no damage. The wolf barely misses you.
The yak gores you but does no damage.
You don't have enough magic at the moment.
The wolf barely misses you. The wolf bites you but does no damage.
The yak misses you. The wolf bites you but does no damage.
The yak closely misses you. The yak completely misses you. The wolf misses you.
The wolf bites you!
* * * LOW HITPOINT WARNING * * *
The wolf bites you.
* * * LOW HITPOINT WARNING * * *
A wolf comes into view.
Casting: Spider Form
Confirm with . or Enter, or press ? or * to list all spells.
You turn into a venomous arachnid creature.
Your +0 dagger of holy wrath melds into your body.
Your +2 pair of gloves melds into your body.
Your +1 pair of boots melds into your body.
Your +0 robe melds into your body.
Your +0 dagger of holy wrath stops glowing.
The wolf howls!
You hear an angry growl. x2
The wolf misses you. The yak completely misses you. The wolf misses you.
A yak and a polar bear come into view.
You completely miss the wolf. The wolf bites you!
* * * LOW HITPOINT WARNING * * *
The yak closely misses you.
The yak moves out of view.
The polar bear moves out of view.
You bite the wolf!
The wolf looks as sick as possible!
The wolf is heavily wounded.
The wolf misses you. The yak gores you.
* * * LOW HITPOINT WARNING * * *
The yak misses you. The wolf misses you.
A yak and a polar bear come into view.
You closely miss the wolf.
The wolf is heavily wounded.
The wolf misses you. The wolf closely misses you.
The yak completely misses you. The yak misses you.
You closely miss the wolf.
The wolf is severely wounded.
The wolf completely misses you. x2; The yak closely misses you.
The wolf closely misses you.
You hit the wolf.
You kill the wolf!
Cheibriados thoroughly appreciates the change of pace.
The wolf misses you. The yak barely misses you. The wolf closely misses you.
Unknown command.
A polar bear comes into view.
The wolf completely misses you. x2; The yak closely misses you.
The yak gores you!
* * * LOW HITPOINT WARNING * * *
The wolf completely misses you.
You don't have enough magic at the moment.
The polar bear growls angrily.
You hit the polar bear.
The polar bear is lightly wounded.
You hear an angry growl.
The polar bear barely misses you. The polar bear misses you.
The polar bear closely misses you. The wolf completely misses you.
The yak barely misses you. x2
You bite the polar bear!
The polar bear is moderately wounded.
The wolf completely misses you. The polar bear barely misses you. x2
The polar bear closely misses you. The yak closely misses you.
The wolf misses you. The yak gores you but does no damage.
Are you sure you want to abandon this character and quit the game? (Confirm with "yes".)
Okay, then.
Unknown command.
As you read the scroll labeled OSIFAYTOTA, it crumbles to dust.
The creatures around you are filled with an inner flame!
It was a scroll of immolation.
The wolf completely misses you. The polar bear completely misses you.
The polar bear closely misses you. The polar bear misses you.
The yak barely misses you. The yak gores you!
* * * LOW HITPOINT WARNING * * *
Unknown command.
As you read the scroll labeled NUYCIG REASAL, it crumbles to dust.
It is a scroll of amnesia.
Okay, then.
The wolf completely misses you. The wolf barely misses you.
The polar bear barely misses you.
The polar bear claws you but does no damage.
The polar bear barely misses you. The yak barely misses you.
The yak completely misses you.
There are monsters nearby!
Unknown command.
Okay, then.
Are you sure you want to abandon this character and quit the game? (Confirm with "yes".)

.... ,
*** ....
... ,* ≈
#.. *
#.h##
*#YY## *
##Yh# ≈
##hhs#
##..Y##≈
#..†## ≈
#...## ≈
##...# *
##...##*
*
##.....##
≈
#...∩...#
≈≈ *
#.......#


You could see 3 polar bears, 4 yaks and a wolf (inner flame).

Vanquished Creatures
  A two-headed ogre (D:8)
  A troll (D:9)
  A hornet (D:9)
  A wraith (D:7)
  A spriggan (D:7)
  5 yaks (D:10)
  Grum (D:9)
  Menkaure (D:6)
  A phantom (D:5)
  2 eyes of draining
  2 ogres
  5 wolves
  2 bullfrogs
  4 killer bees (D:10)
  A howler monkey (D:6)
  A jelly (D:6)
  2 crimson imps
  A hound (D:5)
  A quasit (D:5)
  A centaur zombie (D:8)
  2 orc wizards
  A bullfrog skeleton (D:5)
  5 iguanas
  2 worker ants
  3 adders
  A shadow imp (D:7)
  12 white imps (D:11)
  2 worms
  3 leopard geckos (D:1)
  7 orcs
  2 bats
  A giant cockroach (D:6)
  3 goblins (D:1)
  A hobgoblin (D:3)
  10 jackals
  A quokka (D:5)
  A frilled lizard (D:1)
  A jackal skeleton (D:4)
  3 kobolds (D:1)
  A leopard gecko skeleton (D:6)
  3 rats (D:1)
100 creatures vanquished.

Vanquished Creatures (collateral kills)
  A black bear (D:9)
  A necrophage (D:8)
  A bullfrog (D:10)
  A scorpion (D:5)
  2 killer bees (D:10)
  A crimson imp (D:6)
  A centaur skeleton (D:5)
  An iguana (D:4)
9 creatures vanquished.

Vanquished Creatures (others)
  An orc (D:5)
1 creature vanquished.

Grand Total: 110 creatures vanquished

Notes
Turn   | Place    | Note
-------+----------+-------------------------------------------
     0 | D:1      | tidbits the Gnoll Transmuter began the quest for the Orb.
     0 | D:1      | Reached XP level 1. HP: 17/17 MP: 6/6
   120 | D:1      | Reached XP level 2. HP: 16/23 MP: 5/7
   125 | D:1      | Learned a level 2 spell: Sticks to Snakes
   186 | D:1      | Reached XP level 3. HP: 22/28 MP: 9/9
   191 | D:1      | Learned a level 3 spell: Spider Form
   239 | D:1      | Reached skill level 5 in Spellcasting
   333 | D:3      | Reached skill level 1 in Invocations
   378 | D:3      | Noticed an ogre
   386 | D:3      | Killed an ogre
   386 | D:3      | Reached skill level 1 in Short Blades
   386 | D:3      | Reached skill level 1 in Long Blades
   386 | D:3      | Reached skill level 1 in Axes
   386 | D:3      | Reached skill level 1 in Maces & Flails
   386 | D:3      | Reached skill level 1 in Polearms
   386 | D:3      | Reached skill level 1 in Staves
   386 | D:3      | Reached skill level 1 in Slings
   386 | D:3      | Reached skill level 1 in Bows
   386 | D:3      | Reached skill level 1 in Crossbows
   386 | D:3      | Reached skill level 1 in Throwing
   386 | D:3      | Reached skill level 1 in Armour
   386 | D:3      | Reached skill level 1 in Stealth
   386 | D:3      | Reached skill level 1 in Shields
   386 | D:3      | Reached skill level 1 in Conjurations
   386 | D:3      | Reached skill level 1 in Hexes
   386 | D:3      | Reached skill level 1 in Charms
   386 | D:3      | Reached skill level 1 in Summonings
   386 | D:3      | Reached skill level 1 in Necromancy
   386 | D:3      | Reached skill level 1 in Translocations
   386 | D:3      | Reached skill level 1 in Fire Magic
   386 | D:3      | Reached skill level 1 in Ice Magic
   386 | D:3      | Reached skill level 1 in Air Magic
   386 | D:3      | Reached skill level 1 in Earth Magic
   386 | D:3      | Reached skill level 1 in Poison Magic
   386 | D:3      | Reached skill level 1 in Evocations
   386 | D:3      | Reached XP level 4. HP: 10/34 MP: 3/11
   386 | D:3      | Reached XP level 5. HP: 12/40 MP: 3/12
   400 | D:3      | Learned a level 1 spell: Animate Skeleton
   408 | D:3      | Learned a level 3 spell: Regeneration
   423 | D:3      | Gained mutation: You are partially covered in rugged brown scales. (AC +1, +3% HP) [potion of mutation]
   423 | D:3      | Gained mutation: You have large cloven feet. [potion of mutation]
   423 | D:3      | Gained mutation: You are weak. (Str -2) [potion of mutation]
   423 | D:3      | Gained mutation: You passively map a small area around you. [potion of mutation]
   462 | D:4      | Reached skill level 3 in Fighting
   472 | D:4      | HP: 4/42 [iguana (13)]
   475 | D:4      | Reached skill level 4 in Transmutations
   512 | D:5      | Entered Level 5 of the Dungeon
   512 | D:5      | Noticed a phantom
   612 | D:6      | Found Jevolir's Armour Shoppe.
   620 | D:6      | Reached XP level 6. HP: 7/48 MP: 0/13
   632 | D:6      | Found Jixenlee's Gadget Boutique.
   749 | D:6      | Reached skill level 2 in Invocations
   798 | D:6      | Reached skill level 2 in Short Blades
   798 | D:6      | Reached skill level 2 in Long Blades
   798 | D:6      | Reached skill level 2 in Axes
   798 | D:6      | Reached skill level 2 in Maces & Flails
   798 | D:6      | Reached skill level 2 in Polearms
   798 | D:6      | Reached skill level 2 in Staves
   798 | D:6      | Reached skill level 2 in Slings
   798 | D:6      | Reached skill level 2 in Bows
   798 | D:6      | Reached skill level 2 in Crossbows
   798 | D:6      | Reached skill level 2 in Throwing
   798 | D:6      | Reached skill level 2 in Armour
   798 | D:6      | Reached skill level 5 in Dodging
   798 | D:6      | Reached skill level 2 in Stealth
   798 | D:6      | Reached skill level 2 in Shields
   798 | D:6      | Reached skill level 2 in Evocations
   882 | D:6      | Found a radiant altar of Vehumet.
   886 | D:6      | Noticed Menkaure
   900 | D:6      | Killed Menkaure
   900 | D:6      | Reached XP level 7. HP: 15/53 MP: 7/15
   943 | D:6      | Found a basalt altar of Yredelemnul.
   969 | D:6      | Found Giobaoh's Antique Weapon Boutique.
   996 | D:6      | Found Xivuxym's Gadget Shop.
  1059 | D:5      | Reached skill level 7 in Unarmed Combat
  1077 | D:5      | Reached skill level 2 in Conjurations
  1077 | D:5      | Reached skill level 2 in Hexes
  1077 | D:5      | Reached skill level 2 in Charms
  1077 | D:5      | Reached skill level 2 in Summonings
  1077 | D:5      | Reached skill level 2 in Necromancy
  1077 | D:5      | Reached skill level 2 in Translocations
  1077 | D:5      | Reached skill level 2 in Fire Magic
  1077 | D:5      | Reached skill level 2 in Ice Magic
  1077 | D:5      | Reached skill level 2 in Air Magic
  1077 | D:5      | Reached skill level 2 in Earth Magic
  1077 | D:5      | Reached skill level 2 in Poison Magic
  1179 | D:5      | Found a white marble altar of Elyvilon.
  1310 | D:6      | Reached skill level 3 in Invocations
  1353 | D:6      | Found a snail-covered altar of Cheibriados.
  1363 | D:6      | Became a worshipper of Cheibriados the Contemplative
  1400 | D:6      | Found Kiheluf's Assorted Antiques.
  1403 | D:6      | Bought a scroll labeled OSIFAYTOTA for 21 gold pieces
  1403 | D:6      | Bought a scroll of remove curse for 63 gold pieces
  1430 | D:7      | Reached XP level 8. HP: 46/61 MP: 11/16
  1445 | D:7      | Noticed a wraith
  1463 | D:7      | Reached skill level 4 in Fighting
  1463 | D:7      | Reached skill level 3 in Short Blades
  1463 | D:7      | Reached skill level 3 in Long Blades
  1463 | D:7      | Reached skill level 3 in Axes
  1463 | D:7      | Reached skill level 3 in Maces & Flails
  1463 | D:7      | Reached skill level 3 in Polearms
  1463 | D:7      | Reached skill level 3 in Staves
  1463 | D:7      | Reached skill level 3 in Slings
  1463 | D:7      | Reached skill level 3 in Bows
  1463 | D:7      | Reached skill level 3 in Crossbows
  1463 | D:7      | Reached skill level 3 in Throwing
  1463 | D:7      | Reached skill level 3 in Armour
  1463 | D:7      | Reached skill level 3 in Stealth
  1463 | D:7      | Reached skill level 3 in Shields
  1463 | D:7      | Reached skill level 3 in Evocations
  1500 | D:7      | Killed a wraith
  1500 | D:7      | Reached skill level 6 in Spellcasting
  1547 | D:7      | Noticed a spriggan baker
  1553 | D:7      | Killed a spriggan baker
  1628 | D:8      | Reached * piety under Cheibriados
  1689 | D:8      | Noticed a two-headed ogre
  1703 | D:8      | HP: 4/62 [two-headed ogre/giant club (16)]
  1704 | D:8      | Killed a two-headed ogre
  1704 | D:8      | Reached skill level 4 in Short Blades
  1704 | D:8      | Reached skill level 4 in Long Blades
  1704 | D:8      | Reached skill level 4 in Axes
  1704 | D:8      | Reached skill level 4 in Maces & Flails
  1704 | D:8      | Reached skill level 4 in Polearms
  1704 | D:8      | Reached skill level 4 in Staves
  1704 | D:8      | Reached skill level 4 in Slings
  1704 | D:8      | Reached skill level 4 in Bows
  1704 | D:8      | Reached skill level 4 in Crossbows
  1704 | D:8      | Reached skill level 4 in Throwing
  1704 | D:8      | Reached skill level 4 in Armour
  1704 | D:8      | Reached skill level 6 in Dodging
  1704 | D:8      | Reached skill level 4 in Stealth
  1704 | D:8      | Reached skill level 4 in Shields
  1704 | D:8      | Reached skill level 3 in Conjurations
  1704 | D:8      | Reached skill level 3 in Hexes
  1704 | D:8      | Reached skill level 3 in Charms
  1704 | D:8      | Reached skill level 3 in Summonings
  1704 | D:8      | Reached skill level 3 in Necromancy
  1704 | D:8      | Reached skill level 3 in Translocations
  1704 | D:8      | Reached skill level 5 in Transmutations
  1704 | D:8      | Reached skill level 3 in Fire Magic
  1704 | D:8      | Reached skill level 3 in Ice Magic
  1704 | D:8      | Reached skill level 3 in Air Magic
  1704 | D:8      | Reached skill level 3 in Earth Magic
  1704 | D:8      | Reached skill level 3 in Poison Magic
  1704 | D:8      | Reached skill level 4 in Invocations
  1704 | D:8      | Reached skill level 4 in Evocations
  1704 | D:8      | Reached XP level 9. HP: 5/69 MP: 14/18
  1734 | D:9      | Learned a level 3 spell: Confuse
  1755 | D:9      | Noticed a moth of wrath
  1786 | D:9      | Noticed a hornet
  1798 | D:9      | Killed a hornet
  1798 | D:9      | Reached skill level 5 in Fighting
  1828 | D:9      | Noticed Grum
  1842 | D:9      | Reached skill level 8 in Unarmed Combat
  1846 | D:9      | Killed Grum
  1848 | D:9      | Reached skill level 5 in Invocations
  1865 | D:9      | Noticed a troll
  1875 | D:9      | Killed a troll
  1902 | D:10     | Entered Level 10 of the Dungeon
  1924 | D:10     | Found Yhyny's Magic Scroll Emporium.
  1940 | D:11     | Found Nogh's Weapon Shoppe.
  1940 | D:11     | Found a staircase to the Orcish Mines.
  1940 | D:11     | Noticed an orc knight
  1940 | D:11     | Noticed a red ugly thing
  1958 | D:10     | Reached XP level 10. HP: 64/76 MP: 0/20
  1961 | D:10     | Reached skill level 7 in Spellcasting
  1964 | D:10     | Reached ** piety under Cheibriados
  1965 | D:10     | Reached skill level 4 in Conjurations
  1965 | D:10     | Reached skill level 4 in Hexes
  1965 | D:10     | Reached skill level 4 in Charms
  1965 | D:10     | Reached skill level 4 in Summonings
  1965 | D:10     | Reached skill level 4 in Necromancy
  1965 | D:10     | Reached skill level 4 in Translocations
  1965 | D:10     | Reached skill level 4 in Fire Magic
  1965 | D:10     | Reached skill level 4 in Ice Magic
  1965 | D:10     | Reached skill level 4 in Air Magic
  1965 | D:10     | Reached skill level 4 in Earth Magic
  1965 | D:10     | Reached skill level 4 in Poison Magic
  2062 | D:10     | Learned a level 5 spell: Blade Hands
  2111 | D:10     | Reached skill level 5 in Short Blades
  2111 | D:10     | Reached skill level 5 in Long Blades
  2111 | D:10     | Reached skill level 5 in Axes
  2111 | D:10     | Reached skill level 5 in Maces & Flails
  2111 | D:10     | Reached skill level 5 in Polearms
  2111 | D:10     | Reached skill level 5 in Staves
  2111 | D:10     | Reached skill level 5 in Slings
  2111 | D:10     | Reached skill level 5 in Bows
  2111 | D:10     | Reached skill level 5 in Crossbows
  2111 | D:10     | Reached skill level 5 in Throwing
  2111 | D:10     | Reached skill level 5 in Armour
  2111 | D:10     | Reached skill level 5 in Stealth
  2111 | D:10     | Reached skill level 5 in Shields
  2111 | D:10     | Reached skill level 5 in Evocations
  2123 | D:10     | Found a radiant altar of Vehumet.
  2131 | D:10     | Learned a level 4 spell: Ice Form
  2153 | D:11     | Found a frozen archway.
  2183 | IceCv    | Entered an ice cave
  2212 | IceCv    | HP: 6/78 [yak (9)]
  2214 | IceCv    | Quit the game

Skill      XL: |  1  2  3  4  5  6  7  8  9 10 |
---------------+-------------------------------+-----
Spellcasting   | 5 6 7 |  7.2
Invocations    | 1 2 3 4 5 |  5.6
Short Blades   | 1 2 4 5 |  5.1
Long Blades    | 1 2 4 5 |  5.1
Axes           | 1 2 4 5 |  5.1
Maces & Flails | 1 2 4 5 |  5.1
Polearms       | 1 2 4 5 |  5.1
Staves         | 1 2 4 5 |  5.1
Slings         | 1 2 4 5 |  5.1
Bows           | 1 2 4 5 |  5.1
Crossbows      | 1 2 4 5 |  5.1
Throwing       | 1 2 4 5 |  5.1
Armour         | 1 2 4 5 |  5.1
Stealth        | 1 2 4 5 |  5.1
Shields        | 1 2 4 5 |  5.1
Conjurations   | 1 2 3 4 |  4.2
Hexes          | 1 2 3 4 |  4.2
Charms         | 1 2 3 4 |  4.2
Summonings     | 1 2 3 4 |  4.2
Necromancy     | 1 2 3 4 |  4.2
Translocations | 1 2 3 4 |  4.2
Fire Magic     | 1 2 3 4 |  4.2
Ice Magic      | 1 2 3 4 |  4.2
Air Magic      | 1 2 3 4 |  4.2
Earth Magic    | 1 2 3 4 |  4.2
Poison Magic   | 1 2 3 4 |  4.2
Evocations     | 1 2 4 5 |  5.1
Fighting       | 3 4 5 |  5.8
Transmutations | 4 5 |  5.7
Dodging        | 5 6 |  6.9
Unarmed Combat | 7 8 |  8.4

Action                   |  1- 3 |  4- 6 |  7- 9 | 10-12 || total
-------------------------+-------+-------+-------+-------++-------
Melee: Unarmed           |    50 |    48 |   150 |    69 ||   317
       Headbutt          |     9 |     1 |     3 |       ||    13
       Bite              |     2 |     1 |     6 |     4 ||    13
       Kick              |       |     2 |       |       ||     2
       Dagger            |       |     1 |    13 |       ||    14
       Punch             |       |       |       |     2 ||     2
Throw: Tomahawk          |       |     3 |     2 |       ||     5
 Cast: Beastly Appendage |    10 |     2 |     1 |       ||    13
       Sticks to Snakes  |     2 |     5 |    21 |     3 ||    31
       Spider Form       |     2 |     5 |    22 |     3 ||    32
       Regeneration      |       |     4 |     8 |     3 ||    15
       Animate Skeleton  |       |       |     1 |       ||     1
       Blade Hands       |       |       |       |     1 ||     1
       Ice Form          |       |       |       |     1 ||     1
Invok: Bend Time         |       |       |     1 |     2 ||     3
 Abil: End Transformatio |       |       |     2 |     1 ||     3
Evoke: Wand              |       |       |     5 |       ||     5
  Use: Scroll            |       |     5 |     5 |     3 ||    13
       Potion            |       |     4 |     1 |     3 ||     8
 Stab: Sleeping          |       |     1 |     3 |       ||     4
       Distracted        |       |     1 |     1 |       ||     2
  Eat: Ration            |       |       |     2 |       ||     2
       Chunk             |       |       |       |     2 ||     2
Armor: Robe              |     4 |     2 |     6 |    13 ||    25
       Skin              |       |     2 |     9 |    12 ||    23
Dodge: Dodged            |    33 |    25 |   184 |   161 ||   403

Table legend:
 A = Turns spent in this place as a percentage of turns spent in the entire game.
 B = Non-inter-level travel turns spent in this place as a percentage of non-inter-level travel turns spent in the entire game.
 C = Inter-level travel turns spent in this place as a percentage of turns spent in this place.
 D = Turns resting spent in this place as a percentage of non-inter-level travel turns spent in this place.
 E = Turns spent auto-exploring this place as a percentage of non-inter-level travel turns spent in this place.
 F = Non-inter-level travel turns spent in this place divided by the number of levels of this place that you've seen.
                   A       B       C       D       E      F
               +-------+-------+-------+-------+-------+----------------------
         Total | 100.0 | 100.0 |   0.6 |   0.0 |   0.0 | 183.4
       Dungeon |  98.6 |  98.6 |   0.6 |   0.0 |   0.0 | 197.3
      Ice Cave |   1.4 |   1.4 |   0.0 |   0.0 |   0.0 |  31.0
               +-------+-------+-------+-------+-------+----------------------

Table legend:
 A = Kills in this place as a percentage of kills in entire the game.
 B = Kills by you in this place as a percentage of kills by you in the entire game.
 C = Kills by friends in this place as a percentage of kills by friends in the entire game.
 D = Other kills in this place as a percentage of other kills in the entire game.
 E = Experience gained in this place as a percentage of experience gained in the entire game.
 F = Experience gained in this place divided by the number of levels of this place that you have seen.
                   A       B       C       D       E      F
               +-------+-------+-------+-------+-------+----------------------
         Total | 100.0 | 100.0 | 100.0 |   N/A | 100.0 | 516.8
       Dungeon |  99.1 |  99.0 | 100.0 |   N/A |  98.1 | 553.3
      Ice Cave |   0.9 |   1.0 |   0.0 |   N/A |   1.9 | 116.0
               +-------+-------+-------+-------+-------+----------------------

Vault maps used:
D:1:      kilobyte_arrival_exit_the_forest
D:2:      nicolae_overflow_crystal_walls, nicolae_qazlal_eye_of_the_storm,
          old_standard_altar, kennysheep_pointless_box, uniq_terence,
          uniq_jessica
D:3:      amethyst_overflow_temple_binary
D:4:      old_forge, minmay_item_behind_shaft, kennysheep_small_square
D:5:      old_standard_altar, first_ration, minmay_misc_feat_pillars,
          st_stairs_11, elyvilon_altar_4
D:6:      slow_altar_2, lemuel_doored_altar, overflow_temple_1_default,
          serial_shops, shop, nicolae_shop_behind_doors, nicolae_shop_crystal,
          nicolae_shop_waterfront, kennysheep_little_box, serial_bayou_pond_b,
          uniq_grinder, uniq_menkaure
D:7:      kennysheep_vampire_church, minmay_temple_entry_nine_rooms, the_bakery,
          kennysheep_donut, hangedman_decor_riveting, uniq_joseph
D:8:      lemuel_coloured_pillars_altar, nicolae_gozag_seed_capital
D:9:      tgw_trog, water_maze_lemuel, uniq_grum
D:10:     serial_shops, nicolae_shop_waterfront, basic_altar
D:11:     lemuel_slime, lair_entry_dummy, orc_david_3,
          portal_ice_cave_entry_imps, serial_shops, shop,
          nicolae_ashenzari_panopticon
IceCv:    ice_cave_small_giant
